 Dungeon Crawl Stone Soup version 0.30-a0-632-g346586fe48 (webtiles) character file.

Game seed: 6331830192446409418

0 drugrobin the Sneak (level 1, 0/18 HPs)
             Began as a Demigod Delver on Jan 14, 2023.
             Slain by a jackal (3 damage)
             ... on level 4 of the Dungeon.
             The game lasted 00:00:26 (136 turns).

drugrobin the Sneak (Demigod Delver)                 Turns: 136, Time: 00:00:27

Health: 0/18       AC:  4    Str: 13    XL:     1   Next: 0%
Magic:  3/3        EV: 11    Int: 12    God:
Gold:   21         SH:  0    Dex: 15    Spells: 0/0 levels left

rFire   . . .      SeeInvis .      - Unarmed
rCold   . . .      Faith    .    (no shield)
rNeg    . . .      Spirit   .    a - +0 leather armour
rPois   .          Reflect  .    (no helmet)
rElec   .          Harm     .    (no cloak)
rCorr   .          Rampage  .    g - +0 pair of gloves
Will    .....                    (no boots)
Stlth   +++                      (no amulet)
HPRegen 0.23/turn                (no ring)
MPRegen 0.08/turn                (no ring)

@: no status effects
A: high MP 1, forlorn, divine attributes
a: no special abilities


You were on level 4 of the Dungeon.
You visited 1 branch of the dungeon, and saw 2 of its levels.

You collected 21 gold pieces.

Inventory:

Armour
 a - a +0 leather armour (worn)
 g - a +0 pair of gloves (worn)
Wands
 f - a wand of digging (3)
Scrolls
 b - a scroll of fog
 c - a scroll of magic mapping
 h - a scroll of identify {unknown}
Potions
 e - a potion of haste


   Skills:
 + Level 2.6 Fighting
 + Level 1.7 Dodging
 + Level 4.5 Stealth
 + Level 1.7 Unarmed Combat


You couldn't memorise any spells.
You didn't know any spells.
Your spell library was empty.

Dungeon Overview and Level Annotations

Branches:
Dungeon (5/15)
 Temple: D:4-7

Annotations:
D:5 exclusion: hound


Innate Abilities, Weirdness & Mutations

You have an increased reservoir of magic. (+10% MP)
You shall have no god before yourself.
Your divine heritage dramatically boosts your attributes as you level up.


Message History

The endoplasm freezes you.
You are frozen.
* * * LOW HITPOINT WARNING * * *
The jackal barely misses you.
Unknown command.
As you read the scroll of fear, it crumbles to dust.
You assume a fearsome visage.
The orc looks frightened!
The kobold looks frightened!
The jackal looks frightened! x3
The endoplasm looks frightened!
As you read the scroll of magic mapping, it crumbles to dust.
You feel aware of your surroundings.
Unknown command.
Unknown command.
A ball python comes into view.
The ball python hisses angrily.
The kobold cries, "Mercy!"
Unknown command.
Unknown command.
Unknown command.
Unknown command.
You see here a scroll of magic mapping.
c - a scroll of magic mapping The ball python bites you.
* * * LOW HITPOINT WARNING * * *
The ball python barely misses you.
Unknown command.
Unknown command.
You closely miss the ball python. The ball python completely misses you.
The ball python grabs you. The ball python constricts you.
You closely miss the ball python.
The ball python bites you but does no damage.
The ball python constricts you.
* * * LOW HITPOINT WARNING * * *
You hit the ball python.
The ball python is severely wounded.
The ball python barely misses you. The ball python constricts you.
You hit the ball python.
You kill the ball python!
The jackal bites you.
You die...

##....J..#........ **** **##*
#...##....##.>h... **
*,,***.#.####..##...######....
,***,,,**................#***....
***,,,,,,.........#..#........##.
,*,,,,,,,........##.#####.#..[#**
,,,*,,,,,.............#####,.h# *
,,,*,,,**.......h........#*,,##**
,,,,,,,**.......@..........,,,,*,
,,,,,,,,,..................,,*,,,
,,,,,**,,##...##.........##***,*,
,,,,,,*,,#...**##..#####..#* ****
,>,,,,*,,...****#..#***,...******
,,,,,,,,,..,***,....,****,,,,*,*,
*,*,,,,,*.,,**,,.#...,,**,,<,,,,,
*,**,,,,,,,,,*,,,*##..***,,,****,
,,,,,,,,,,,,,*,,,***,,,,*,,,,,**,


You could see a jackal.

Vanquished Creatures
  A ball python (D:4)
1 creature vanquished.

Notes
Turn   | Place    | Note
-------+----------+-------------------------------------------
     0 | D:5      | drugrobin the Demigod Delver began the quest for the Orb.
     0 | D:5      | Reached XP level 1. HP: 18/18 MP: 3/3
    23 | D:5      | Noticed a hound
   136 | D:4      | Slain by a jackal

Illustrated notes

Levels and vault maps discovered:
D:4:      minmay_diamond_boxcup, layout_cave_pools, uniq_grinder, uniq_edmund,
          uniq_menkaure
D:5:      layout_loops_corners

Action                   || total
-------------------------++-------
Melee: Unarmed           ||     7
  Use: Scroll            ||     2
Armor: Leather armour    ||     6
Dodge: Dodged            ||    12

Table legend: (Time is in decaauts)
 A = Elapsed time spent in this place.
 B = Non-inter-level travel time spent in this place.
 C = Inter-level travel time spent in this place.
 D = Time resting spent in this place.
 E = Time spent auto-exploring this place.
 F = Levels seen in this place.
 G = Mean time per level.
                   A        B        C        D        E       F      G
               +--------+--------+--------+--------+--------+-----+--------+
         Total |    135 |    117 |     18 |      0 |     80 |   2 |   67.5 |
       Dungeon |    135 |    117 |     18 |      0 |     80 |   2 |   67.5 |
               +--------+--------+--------+--------+--------+-----+--------+

Top non-repeatable levels by time:
     D:5: 113 daAuts
     D:4: 22 daAuts
